AoeStats
← Křovák

Arena

505606138Analyzed
1v1 RM · 23d ago on Sep 10, 2026· 89m 3s· 2 players
Game mode
Random Map
Map size
Tiny (2 player)
Population
200
Speed
Normal
Resources
Standard
Victory
Conquest
Starting age
Dark Age
Ending age
Imperial Age
RankedLock teamsTeams togetherTeam positionsShared explorationLock speedFull tech treeHidden civsTurbo modeCheats
Victory
Defeat
🇨🇳 Khmer · China
864
+14
🇨🇿 Teutons · Czechia
820
-14
85768110
10:18 Feudal Age
10:48 Double-Bit Axe
16:59 Castle Age
16:06 Wheelbarrow
15:38 Stone Mining
16:11 Town Watch
16:11 Loom
16:17 Horse Collar
16:30 Gold Mining
24:54 Pikeman
25:45 Heavy Plow
29:09 Imperial Age
29:21 Hand Cart
29:06 Town Patrol
30:38 Fletching
30:59 Forging
30:54 Scale Barding Armor
31:31 Gold Shaft Mining
31:31 Stone Shaft Mining
31:45 Husbandry
31:56 Bloodlines
31:06 Light Cavalry
33:47 Crop Rotation
34:32 Bodkin Arrow
35:13 Iron Casting
34:58 Chain Barding Armor
35:38 Heavy Scorpion
36:00 Hussar
37:26 Double Crossbow
38:32 Blast Furnace
37:32 Bracer
38:08 Plate Barding Armor
40:00 Chemistry
39:20 Ballistics
39:06 Siege Engineers
39:09 Murder Holes
39:24 Masonry
40:14 Fortified Wall
40:32 Onager
40:33 Capped Ram
56:30 Crop Rotation
71:34 Scale Mail Armor
71:34 Padded Archer Armor
77:09 Bow Saw
77:24 Chain Mail Armor
77:25 Leather Archer Armor
76:33 Halberdier
76:34 Man-at-Arms
76:59 Arson
84:22 Ring Archer Armor
Křovák
8:21 Loom
11:21 Feudal Age
13:07 Double-Bit Axe
13:40 Horse Collar
16:07 Castle Age
17:59 Bow Saw
23:07 Heavy Plow
26:36 Gold Mining
26:42 Fletching
30:52 Imperial Age
29:46 Bodkin Arrow
33:09 Town Watch
34:00 Wheelbarrow
33:15 Pikeman
33:56 Squires
33:44 Arson
35:04 Halberdier
37:43 Chemistry
37:00 Fortified Wall
38:39 Ballistics
40:13 Scale Mail Armor
40:23 Forging
40:07 Onager
41:59 Crenellations
47:14 Chain Mail Armor
47:35 Iron Casting
47:24 Ironclad
47:26 Conscription
59:13 Two-Man Saw
58:47 Plate Mail Armor
59:17 Blast Furnace
59:07 Hoardings
72:26 Crop Rotation
75:34 Caravan
76:04 Coinage
Connection lost

Rejoining the realm…

Still unreachable

The connection could not be restored.

Session expired

The server has moved on; the page needs a fresh start.